General information
- name: BNet
- type: Ladder team game (AT/RT)
- host: Battle.net
- saver: MeanGreenie
map: Mur'gulOasis_LV
- players: 8
- length: 42:34
- speed: Fast
- version: 1.29 W3XP
- replay type: Public
» download(386 KB)
Players
team 1 (loser)
fNx (
blue | 100 APM | 1908 actions | 19:07)
3 Dark Ranger
2 Black Arrow
1 Silence
3 Pandaren Brewmaster
2 Breath of Fire
1 Drunken Haze
» actions
| Assign group hotkey | 91 | |
| Basic commands | 173 | |
| Build / train | 72 | |
| ESC pressed | 3 | |
| Enter build submenu | 34 | |
| Enter hero's abilities submenu | 6 | |
| Remove unit from queue | 1 | |
| Right click | 783 | |
| Select / deselect | 315 | |
| Select group hotkey | 385 | |
| Use ability | 45 | |
1908 total
» units
| Peasant | 10 | |
| Rifleman | 10 | |
| Spell Breaker | 9 | |
| Mortar Team | 5 | |
34 total
» upgrades
| Gunpowder | 2 | |
| Armor | 1 | |
| Long Rifles | 1 | |
| Lumber Harvesting | 1 | |
| Masonry | 2 | |
| Magic Sentry | 1 | |
| Control Magic | 1 | |
| Plating | 2 | |
| Fragmentation Shards | 1 | |
| Flare | 1 | |
13 total
» buildings
| Lumber Mill | 1 | |
| Barracks | 1 | |
| Blacksmith | 1 | |
| Keep | 2 | |
| Altar of Kings | 1 | |
| Farm | 9 | |
| Scout Tower | 6 | |
| Arcane Tower | 2 | |
| Castle | 3 | |
| Arcane Sanctum | 1 | |
| Arcane Vault | 1 | |
| Guard Tower | 3 | |
| Workshop | 2 | |
33 total
» build order
00:12 Lumber Mill
01:46 Barracks
01:50 Blacksmith
01:53 Keep
01:53 Keep
02:10 Altar of Kings
02:11 Farm
02:23 Farm
02:26 Farm
02:34 Farm
03:10 Farm
03:38 Scout Tower
04:46 Arcane Tower
04:46 Arcane Tower
05:22 Farm
06:46 Castle
06:46 Castle
06:46 Castle
07:05 Arcane Sanctum
08:00 Arcane Vault
09:00 Scout Tower
09:04 Scout Tower
10:02 Farm
10:05 Farm
10:32 Guard Tower
10:32 Guard Tower
10:32 Guard Tower
11:29 Farm
12:30 Workshop
12:33 Workshop
13:36 Scout Tower
13:37 Scout Tower
13:37 Scout Tower
» items
| Dust of Appearance | 1 | |
| Scroll of Town Portal | 4 | |
5 total
iMAGiNE] (
yellow | 114 APM | 2363 actions | 20:48)
3 Archmage
2 Summon Water Elemental
1 Brilliance Aura
2 Firelord
1 Summon Lava Spawn
1 Soul Burn
» actions
| Assign group hotkey | 201 | |
| Basic commands | 184 | |
| Build / train | 72 | |
| ESC pressed | 3 | |
| Enter build submenu | 23 | |
| Enter hero's abilities submenu | 5 | |
| Give item / drop item | 1 | |
| Remove unit from queue | 1 | |
| Right click | 845 | |
| Select / deselect | 303 | |
| Select group hotkey | 641 | |
| Use ability | 84 | |
2363 total
» units
| Peasant | 7 | |
| Footman | 6 | |
| Mortar Team | 9 | |
| Sorceress | 2 | |
| Rifleman | 6 | |
| Priest | 6 | |
36 total
» upgrades
| Defend | 1 | |
| Masonry | 1 | |
| Lumber Harvesting | 2 | |
| Long Rifles | 1 | |
| Flare | 1 | |
| Gunpowder | 3 | |
| Armor | 1 | |
| Fragmentation Shards | 1 | |
| Priest Training | 2 | |
13 total
» buildings
| Altar of Kings | 1 | |
| Farm | 10 | |
| Barracks | 1 | |
| Arcane Vault | 2 | |
| Lumber Mill | 1 | |
| Scout Tower | 2 | |
| Keep | 2 | |
| Guard Tower | 3 | |
| Blacksmith | 1 | |
| Arcane Sanctum | 1 | |
| Workshop | 1 | |
| Castle | 2 | |
27 total
» build order
00:20 Altar of Kings
00:33 Farm
00:53 Barracks
01:07 Farm
01:36 Farm
01:37 Farm
01:42 Arcane Vault
01:46 Lumber Mill
01:57 Scout Tower
03:07 Keep
03:07 Keep
03:16 Guard Tower
03:16 Guard Tower
04:11 Farm
04:14 Blacksmith
05:07 Scout Tower
05:47 Arcane Sanctum
05:58 Workshop
06:32 Guard Tower
06:36 Farm
07:22 Farm
09:45 Farm
09:53 Castle
09:53 Castle
13:23 Arcane Vault
17:02 Farm
18:55 Farm
» items
| Boots of Speed | 1 | |
| Potion of Lesser Invulnerability | 1 | |
2 total
nakdakduau (
red | 73 APM | 3094 actions | 42:34)
6 Archmage
3 Summon Water Elemental
2 Brilliance Aura
1 Mass Teleport
5 Mountain King
3 Storm Bolt
2 Bash
» actions
| Assign group hotkey | 63 | |
| Basic commands | 61 | |
| Build / train | 159 | |
| ESC pressed | 3 | |
| Enter build submenu | 95 | |
| Enter hero's abilities submenu | 11 | |
| Give item / drop item | 1 | |
| Right click | 980 | |
| Select / deselect | 572 | |
| Select group hotkey | 854 | |
| Use ability | 295 | |
3094 total
» units
| Peasant | 13 | |
| Footman | 2 | |
| Rifleman | 6 | |
| Sorceress | 3 | |
| Gryphon Rider | 3 | |
| Dragonhawk Rider | 1 | |
| Mortar Team | 2 | |
| Priest | 2 | |
| Spell Breaker | 1 | |
33 total
» upgrades
| Gunpowder | 3 | |
| Armor | 3 | |
| Long Rifles | 1 | |
| Sorceress Training | 2 | |
| Masonry | 5 | |
| Lumber Harvesting | 2 | |
| Priest Training | 2 | |
| Swords | 3 | |
| Animal War Training | 1 | |
| Storm Hammers | 2 | |
| Spiked Barricades | 1 | |
| Fragmentation Shards | 1 | |
| Plating | 2 | |
| Barrage | 1 | |
| Flare | 1 | |
| Cloud | 1 | |
| Flak Cannons | 1 | |
| Control Magic | 1 | |
33 total
» buildings
| Altar of Kings | 2 | |
| Barracks | 1 | |
| Farm | 12 | |
| Arcane Vault | 2 | |
| Blacksmith | 1 | |
| Keep | 2 | |
| Lumber Mill | 2 | |
| Arcane Sanctum | 2 | |
| Castle | 2 | |
| Scout Tower | 50 | |
| Guard Tower | 47 | |
| Town Hall | 3 | |
| Arcane Tower | 4 | |
| Gryphon Aviary | 2 | |
| Watch Tower | 16 | |
| Workshop | 2 | |
150 total
» build order
00:48 Altar of Kings
00:49 Barracks
00:51 Farm
00:53 Altar of Kings
01:15 Farm
01:19 Farm
01:53 Farm
02:10 Arcane Vault
02:40 Blacksmith
03:32 Keep
03:33 Keep
05:02 Farm
06:20 Lumber Mill
06:23 Arcane Sanctum
06:55 Castle
06:55 Castle
07:29 Scout Tower
07:30 Scout Tower
08:24 Guard Tower
09:26 Town Hall
09:27 Scout Tower
09:28 Scout Tower
09:29 Scout Tower
09:29 Scout Tower
10:02 Guard Tower
10:02 Guard Tower
10:04 Scout Tower
10:07 Arcane Vault
10:36 Guard Tower
10:36 Guard Tower
10:38 Scout Tower
10:39 Scout Tower
10:40 Scout Tower
11:12 Arcane Tower
11:12 Guard Tower
12:09 Guard Tower
12:09 Guard Tower
12:12 Scout Tower
12:14 Scout Tower
12:16 Scout Tower
12:28 Scout Tower
12:32 Scout Tower
12:33 Scout Tower
12:36 Scout Tower
12:39 Guard Tower
12:47 Arcane Tower
12:48 Guard Tower
13:08 Arcane Tower
13:25 Guard Tower
13:25 Guard Tower
13:36 Guard Tower
13:50 Guard Tower
13:54 Guard Tower
15:26 Gryphon Aviary
16:11 Gryphon Aviary
18:22 Scout Tower
18:24 Scout Tower
18:26 Scout Tower
18:55 Guard Tower
18:55 Guard Tower
19:12 Guard Tower
19:13 Guard Tower
19:17 Scout Tower
19:18 Scout Tower
20:56 Guard Tower
20:56 Guard Tower
21:07 Scout Tower
21:08 Scout Tower
21:17 Scout Tower
21:18 Scout Tower
21:18 Scout Tower
21:19 Scout Tower
21:19 Scout Tower
21:35 Guard Tower
21:36 Guard Tower
21:37 Scout Tower
21:41 Scout Tower
21:45 Guard Tower
21:45 Guard Tower
21:58 Guard Tower
21:58 Guard Tower
22:03 Scout Tower
22:04 Scout Tower
22:08 Guard Tower
22:09 Scout Tower
22:13 Guard Tower
22:17 Scout Tower
22:22 Scout Tower
22:39 Guard Tower
22:39 Guard Tower
22:50 Guard Tower
22:50 Guard Tower
22:54 Scout Tower
22:55 Scout Tower
22:56 Scout Tower
22:58 Scout Tower
23:01 Scout Tower
23:07 Guard Tower
23:07 Guard Tower
23:10 Scout Tower
23:18 Scout Tower
23:30 Scout Tower
23:34 Guard Tower
23:35 Guard Tower
23:36 Guard Tower
23:36 Guard Tower
23:45 Farm
23:45 Farm
23:46 Farm
23:50 Guard Tower
23:50 Guard Tower
24:14 Guard Tower
24:14 Guard Tower
24:21 Watch Tower
24:21 Watch Tower
24:22 Watch Tower
24:22 Watch Tower
24:23 Watch Tower
24:24 Watch Tower
24:25 Watch Tower
24:26 Watch Tower
24:26 Watch Tower
24:28 Watch Tower
24:39 Watch Tower
24:41 Watch Tower
24:42 Watch Tower
25:25 Lumber Mill
25:56 Watch Tower
26:00 Watch Tower
26:00 Watch Tower
26:40 Workshop
26:41 Workshop
29:32 Arcane Sanctum
31:55 Farm
31:57 Farm
32:25 Town Hall
32:29 Scout Tower
32:29 Scout Tower
32:30 Scout Tower
33:29 Guard Tower
33:29 Guard Tower
33:32 Scout Tower
33:33 Scout Tower
33:35 Scout Tower
34:23 Farm
34:25 Farm
34:37 Arcane Tower
34:38 Guard Tower
34:38 Guard Tower
37:22 Town Hall
» items
| Scroll of Regeneration | 6 | |
| Mechanical Critter | 3 | |
| Staff of Sanctuary | 1 | |
| Lesser Clarity Potion | 1 | |
| Orb of Fire | 1 | |
| Scroll of Town Portal | 2 | |
| Ivory Tower | 1 | |
15 total
raflord(reborn (
purple | 61 APM | 1238 actions | 20:22)
4 Far Seer
2 Feral Spirit
2 Chain Lighting
2 Naga Sea Witch
1 Frost Arrows
1 Forked Lightning
1 Shadow Hunter
1 Healing Wave
» actions
| Assign group hotkey | 2 | |
| Basic commands | 23 | |
| Build / train | 50 | |
| Enter build submenu | 11 | |
| Enter hero's abilities submenu | 7 | |
| Give item / drop item | 2 | |
| Remove unit from queue | 4 | |
| Right click | 784 | |
| Select / deselect | 285 | |
| Select group hotkey | 5 | |
| Use ability | 65 | |
1238 total
» units
| Peon | 6 | |
| Grunt | 7 | |
| Kodo Beast | 2 | |
| Wind Rider | 4 | |
| Raider | 1 | |
20 total
» upgrades
| Pillage | 1 | |
| Armor | 1 | |
| Melee Weapons | 1 | |
| Ranged Weapons | 1 | |
| Envenomed Spears | 1 | |
5 total
» buildings
| Altar of Storms | 1 | |
| Orc Burrow | 4 | |
| Barracks | 1 | |
| Voodoo Lounge | 1 | |
| War Mill | 1 | |
| Stronghold | 1 | |
| Fortress | 1 | |
| Spirit Lodge | 1 | |
| Beastiary | 2 | |
13 total
» build order
00:10 Altar of Storms
00:19 Orc Burrow
00:43 Barracks
01:28 Orc Burrow
02:01 Voodoo Lounge
02:31 Orc Burrow
03:35 War Mill
04:46 Stronghold
05:07 Orc Burrow
10:01 Fortress
10:08 Spirit Lodge
11:00 Beastiary
11:13 Beastiary
» items
| Lesser Clarity Potion | 2 | |
| Healing Salve | 3 | |
| Scroll of Town Portal | 2 | |
| Boots of Speed | 1 | |
8 total
team 2 (winner)

»
scarletworm (
pink | 34 APM | 1466 actions | 42:33)
5 Tauren Chieftain
2 War Stomp
3 Endurance Aura
4 Shadow Hunter
2 Healing Wave
2 Hex
3 Far Seer
1 Chain Lighting
2 Feral Spirit
» actions
| Assign group hotkey | 75 | |
| Basic commands | 149 | |
| Build / train | 68 | |
| Enter build submenu | 20 | |
| Enter hero's abilities submenu | 12 | |
| Give item / drop item | 2 | |
| Remove unit from queue | 3 | |
| Right click | 473 | |
| Select / deselect | 312 | |
| Select group hotkey | 295 | |
| Use ability | 57 | |
1466 total
» units
| Peon | 12 | |
| Grunt | 8 | |
| Shaman | 9 | |
| Tauren | 4 | |
33 total
» upgrades
| Armor | 3 | |
| Berserker Strength | 1 | |
| Shaman Training | 2 | |
| Melee Weapons | 3 | |
| Pulverize | 1 | |
| Spiked Barricades | 1 | |
11 total
» buildings
| Altar of Storms | 1 | |
| Orc Burrow | 7 | |
| Barracks | 1 | |
| Voodoo Lounge | 1 | |
| Stronghold | 1 | |
| War Mill | 1 | |
| Spirit Lodge | 1 | |
| Fortress | 1 | |
| Tauren Totem | 2 | |
| Watch Tower | 2 | |
| Great Hall | 1 | |
19 total
» build order
00:09 Altar of Storms
00:14 Orc Burrow
00:40 Barracks
01:26 Orc Burrow
02:04 Voodoo Lounge
03:00 Stronghold
03:49 War Mill
04:20 Orc Burrow
05:26 Spirit Lodge
07:19 Fortress
07:26 Orc Burrow
08:09 Orc Burrow
10:36 Orc Burrow
10:51 Tauren Totem
11:34 Tauren Totem
12:26 Orc Burrow
17:45 Watch Tower
19:24 Watch Tower
21:22 Great Hall
» items
| Scroll of Speed | 1 | |
| Healing Salve | 1 | |
| Potion of Healing | 1 | |
| Potion of Mana | 1 | |
4 total

»
BigWanksta (
orange | 39 APM | 1193 actions | 30:43)
5 Dreadlord
2 Sleep
3 Vampiric Aura
3 Death Knight
1 Death Coil
2 Unholy Aura
1 Lich
1 Frost Nova
» actions
| Assign group hotkey | 32 | |
| Basic commands | 22 | |
| Build / train | 54 | |
| Enter build submenu | 15 | |
| Enter hero's abilities submenu | 9 | |
| Give item / drop item | 2 | |
| Remove unit from queue | 2 | |
| Right click | 374 | |
| Select / deselect | 284 | |
| Select group hotkey | 327 | |
| Use ability | 72 | |
1193 total
» units
| Acolyte | 3 | |
| Ghoul | 4 | |
| Crypt Fiend | 8 | |
| Necromancer | 12 | |
27 total
» upgrades
| Creature Attack | 2 | |
| Web | 1 | |
| Necromancer Training | 2 | |
| Creature Carapace | 2 | |
7 total
» buildings
| Ziggurat | 7 | |
| Crypt | 1 | |
| Altar of Darkness | 1 | |
| Graveyard | 2 | |
| Tomb of Relics | 1 | |
| Nerubian Tower | 1 | |
| Halls of the Dead | 1 | |
| Spirit Tower | 2 | |
| Temple of the Damned | 2 | |
| Black Citadel | 1 | |
19 total
» build order
00:51 Ziggurat
00:54 Crypt
01:00 Altar of Darkness
01:03 Ziggurat
01:17 Graveyard
01:45 Tomb of Relics
01:56 Nerubian Tower
02:18 Graveyard
03:14 Ziggurat
04:16 Halls of the Dead
05:04 Spirit Tower
05:35 Spirit Tower
07:01 Temple of the Damned
07:07 Temple of the Damned
07:11 Ziggurat
09:25 Ziggurat
12:29 Ziggurat
13:15 Ziggurat
13:16 Black Citadel
» items

»
ChewedUp (
teal | 114 APM | 3429 actions | 30:08)
5 Far Seer
2 Feral Spirit
3 Chain Lighting
3 Tauren Chieftain
2 Endurance Aura
1 War Stomp
» actions
| Assign group hotkey | 97 | |
| Basic commands | 66 | |
| Build / train | 85 | |
| ESC pressed | 2 | |
| Enter build submenu | 30 | |
| Enter hero's abilities submenu | 9 | |
| Give item / drop item | 3 | |
| Remove unit from queue | 2 | |
| Right click | 914 | |
| Select / deselect | 557 | |
| Select group hotkey | 1563 | |
| Use ability | 101 | |
3429 total
» units
| Peon | 9 | |
| Troll Headhunter/Berserker | 17 | |
| Shaman | 6 | |
| Troll Witch Doctor | 7 | |
| Demolisher | 8 | |
47 total
» upgrades
| Armor | 3 | |
| Ranged Weapons | 3 | |
| Shaman Training | 2 | |
| Witch Doctor Training | 2 | |
| Berserker Upgrade | 1 | |
| Burning Oil | 1 | |
12 total
» buildings
| Orc Burrow | 7 | |
| Altar of Storms | 1 | |
| War Mill | 1 | |
| Barracks | 1 | |
| Voodoo Lounge | 1 | |
| Watch Tower | 5 | |
| Stronghold | 1 | |
| Fortress | 1 | |
| Spirit Lodge | 2 | |
| Great Hall | 4 | |
24 total
» build order
00:17 Orc Burrow
00:21 Altar of Storms
01:13 War Mill
01:23 Barracks
01:42 Orc Burrow
02:17 Voodoo Lounge
03:44 Watch Tower
04:10 Orc Burrow
04:45 Stronghold
05:13 Watch Tower
06:40 Orc Burrow
07:09 Fortress
07:12 Spirit Lodge
07:31 Spirit Lodge
09:02 Watch Tower
15:06 Orc Burrow
16:58 Orc Burrow
17:21 Great Hall
20:09 Orc Burrow
21:16 Great Hall
24:53 Great Hall
25:20 Watch Tower
29:23 Great Hall
29:36 Watch Tower
» items
| Healing Salve | 2 | |
| Lesser Clarity Potion | 2 | |
| Scroll of Speed | 1 | |
| Boots of Speed | 2 | |
7 total
MeanGreenie (
green | 68 APM | 2916 actions | 42:34)
6 Blademaster
3 Wind Walk
2 Critical Strike
1 Bladestorm
» actions
| Assign group hotkey | 37 | |
| Basic commands | 346 | |
| Build / train | 68 | |
| Enter build submenu | 68 | |
| Enter hero's abilities submenu | 6 | |
| Give item / drop item | 5 | |
| Remove unit from queue | 2 | |
| Right click | 1058 | |
| Select / deselect | 407 | |
| Select group hotkey | 796 | |
| Use ability | 123 | |
2916 total
» units
» upgrades
| Reinforced Defenses | 1 | |
| Ranged Weapons | 3 | |
| Armor | 3 | |
| Backpack | 0 | |
| Envenomed Spears | 1 | |
8 total
» buildings
| Orc Burrow | 7 | |
| Altar of Storms | 1 | |
| Barracks | 1 | |
| Voodoo Lounge | 2 | |
| Stronghold | 1 | |
| War Mill | 3 | |
| Watch Tower | 40 | |
| Fortress | 1 | |
| Beastiary | 8 | |
| Great Hall | 2 | |
66 total
» build order
00:15 Orc Burrow
01:00 Orc Burrow
01:02 Altar of Storms
01:03 Barracks
01:37 Voodoo Lounge
02:49 Stronghold
04:36 War Mill
04:38 Orc Burrow
06:05 Watch Tower
06:06 Watch Tower
06:09 Watch Tower
06:11 Watch Tower
07:04 Fortress
07:06 Watch Tower
07:09 Watch Tower
07:26 Beastiary
09:06 Beastiary
09:09 Beastiary
10:38 Orc Burrow
12:04 Great Hall
12:08 Watch Tower
12:08 Watch Tower
12:09 Watch Tower
12:10 Watch Tower
12:17 Watch Tower
12:29 Watch Tower
12:29 Watch Tower
12:30 Watch Tower
12:30 Watch Tower
12:30 Watch Tower
12:31 Watch Tower
12:32 Watch Tower
12:40 Voodoo Lounge
12:44 Watch Tower
12:46 Watch Tower
12:49 Watch Tower
12:52 Watch Tower
16:58 War Mill
17:00 War Mill
17:30 Great Hall
17:33 Watch Tower
17:33 Watch Tower
17:34 Watch Tower
17:35 Watch Tower
19:12 Watch Tower
19:13 Watch Tower
19:13 Watch Tower
19:14 Watch Tower
19:42 Watch Tower
19:43 Watch Tower
19:44 Watch Tower
19:45 Watch Tower
19:47 Watch Tower
21:43 Orc Burrow
21:47 Orc Burrow
21:51 Orc Burrow
22:24 Beastiary
24:29 Watch Tower
24:29 Watch Tower
24:29 Watch Tower
24:30 Watch Tower
24:30 Watch Tower
27:55 Beastiary
27:56 Beastiary
27:58 Beastiary
28:00 Beastiary
» items
| Healing Salve | 4 | |
| Potion of Lesser Invulnerability | 1 | |
| Staff of Teleportation | 1 | |
| Periapt of Vitality | 1 | |
| Scroll of Town Portal | 1 | |
| Orb of Lightning | 1 | |
9 total
Chat log
(00:24 / Allies) scarletworm: melee
(00:36 / Allies) BigWanksta: spiders and necs
(00:47 / Allies) ChewedUp: tc hh caster
(01:01 / Allies) scarletworm: i got tc
(01:02 / Allies) scarletworm: aura
(07:45 / Allies) ChewedUp: 2
(10:21 / Allies) ChewedUp: wood?
(10:38 / Allies) ChewedUp: hit and run
(11:19 / Allies) BigWanksta: b
(11:20 / Allies) ChewedUp: b
(11:29 / All) iMAGiNE]: Byeee
(13:51 / Allies) MeanGreenie: can I have claws
(14:07 / Allies) MeanGreenie: can I have claws +12
(14:30 / Allies) scarletworm: back
(14:31 / Allies) scarletworm: back
(14:40 / Allies) BigWanksta: out
(15:56 / Allies) MeanGreenie: lumber?
(16:17 / Allies) ChewedUp: b
(16:18 / Allies) BigWanksta: b
(17:10 / Allies) ChewedUp: hit somehwere else
(17:16 / Allies) BigWanksta: green get air over here
(17:25 / Allies) MeanGreenie: they're all aa
(17:38 / Allies) BigWanksta: share gold
(17:44 / Allies) MeanGreenie: share claws
(17:45 / Allies) ChewedUp: hit blue
(18:33 / Allies) scarletworm: watch back
(18:53 / Allies) ChewedUp: omg
(18:56 / All) fNx: 26/50 purple
(18:59 / All) fNx: 2k gold 2k wood
(19:01 / All) fNx: wyverns in 4v4
(19:02 / All) fNx: Lol
(19:02 / Allies) ChewedUp: green
(19:02 / Allies) BigWanksta: >?
(19:04 / Allies) ChewedUp: units in base
(19:23 / Allies) MeanGreenie: lumber?
(19:33 / Allies) scarletworm: gold
(19:42 / Allies) BigWanksta: green has 4k
(19:54 / Allies) BigWanksta: taurens first
(19:57 / Allies) scarletworm: castle
(20:06 / All) nakdakduau: Yellow thinks wc3 has 50k active players in 4v4 and is bragging about being rank 46
(20:08 / All) nakdakduau: arranged.team idiot
(20:16 / All) iMAGiNE]: 125th in solo
(20:23 / All) iMAGiNE]: 46th in rt
(20:25 / All) nakdakduau: 431-444, below 50% passes for top 50 these days
(20:26 / All) iMAGiNE]: kids are bad
(20:29 / All) iMAGiNE]: profile me
(20:29 / All) nakdakduau: 186-188 solo LOL
(20:33 / All) iMAGiNE]: Clan GGL
(20:34 / All) nakdakduau: I did, your stats blow
(20:36 / All) iMAGiNE]: only kids left playong
(20:37 / All) iMAGiNE]: are good
(20:41 / All) iMAGiNE]: no one has good stats anymore
(20:42 / All) nakdakduau: not you
(20:43 / All) iMAGiNE]: You retard
(20:45 / All) iMAGiNE]: Clan GGL
(20:48 / All) iMAGiNE]: manner up
(22:09 / Allies) MeanGreenie: wood?
(22:54 / Allies) MeanGreenie: wood?
(23:01 / Allies) scarletworm: gold
(23:06 / Allies) MeanGreenie: thx
(23:21 / Allies) scarletworm: gold please
(23:48 / Allies) scarletworm: ?
(23:51 / Allies) scarletworm: why?
(23:55 / Allies) scarletworm: ?
(23:55 / Allies) BigWanksta: pink lead now
(24:02 / Allies) scarletworm: why you did that?
(24:16 / Allies) scarletworm: ?
(24:31 / Allies) scarletworm: ?
(24:54 / All) BigWanksta: what a faggot
(25:05 / Allies) scarletworm: bro?
(25:10 / Allies) scarletworm: whats the deal?
(25:24 / Allies) MeanGreenie: You hoarded the claws that were Mazuru's by right
(25:25 / Allies) scarletworm: guess im next
(25:28 / Allies) MeanGreenie: Now you must pay
(25:37 / Allies) scarletworm: wow
(25:42 / Allies) scarletworm: if you want them just ask
(25:42 / Allies) BigWanksta: jpink send that all to teal now
(25:47 / Allies) scarletworm: its not that serious bbro
(26:00 / Allies) scarletworm: ...
(26:08 / Allies) BigWanksta: rescources
(27:58 / Allies) scarletworm: god bless you bro
(29:21 / Allies) scarletworm: lol
(29:53 / All) ChewedUp: gg
(30:04 / All) nakdakduau: gg out
(30:12 / Allies) scarletworm: lol
(31:01 / Allies) scarletworm: lol
(31:10 / Allies) scarletworm: this is hilarious
(32:26 / All) MeanGreenie: free exp center
(32:34 / Allies) scarletworm: have no hero bro
(32:37 / Allies) scarletworm: lol
(32:40 / Allies) MeanGreenie: You should have gifted Mazuru the claws that were his by rights
(32:51 / Allies) MeanGreenie: This could have all been avoided
(32:57 / Allies) scarletworm: lol sure
(33:06 / Allies) scarletworm: if you would have asked i would of gave them to you
(33:07 / Allies) scarletworm: lol
(33:32 / Allies) scarletworm: when you told me you wanted them i was being chased by wyvern
(33:46 / Allies) MeanGreenie: Those were my wyverns, you fool
(33:51 / Allies) scarletworm: lol i know
(33:53 / Allies) MeanGreenie: Now you pay for your mendacious nature
(34:01 / Allies) scarletworm: mendacious?
(34:16 / Allies) MeanGreenie: You lie, I asked for them long before I ever stabbed you in the back
(34:30 / Allies) scarletworm: if you did i didnt see it
(34:33 / Allies) MeanGreenie: But you ignored me, and the seed of your destruction was then planted
(34:34 / Allies) scarletworm: i apologize
(34:53 / Allies) scarletworm: wasnt my intentions
(35:02 / Allies) scarletworm: sorry about that
(36:49 / Allies) scarletworm: yo bro... hows your day going man?
(37:04 / Allies) MeanGreenie: quite splendid
(37:08 / Allies) MeanGreenie: and yours?
(37:38 / Allies) scarletworm: really good, had a good time at church man
(37:52 / Allies) scarletworm: what you do during the day?
(38:02 / Allies) MeanGreenie: Did you pinch any from the collection plate?
(38:14 / Allies) MeanGreenie: I spend my day righting wrongs
(38:29 / Allies) scarletworm: lol never crossed my mind
(39:05 / Allies) scarletworm: how do you do that?
(39:18 / Allies) scarletworm: gg brother
(39:22 / All) MeanGreenie: I give you this win, because my team was selfish and foolishly ignored my requests for the claws that were Mazuru's by right
(39:27 / All) MeanGreenie: A wrong has been righted
(39:32 / All) MeanGreenie: A win has been repo'd
(39:58 / All) MeanGreenie: The life of a repo man is always intense
(40:13 / Allies) scarletworm: is hat what you do for a living?
(40:26 / Allies) MeanGreenie: Yes, indeed. Before that I was a bathroom camera installer
(40:55 / Allies) scarletworm: God bless you brother
(41:18 / Allies) scarletworm: i pray over your life man, for healing and growth
(41:35 / Allies) scarletworm: that love is poured out onto you
(41:39 / Allies) MeanGreenie: I have thought about becoming a fry cook.
(41:43 / Allies) scarletworm: and all about you
(41:51 / Allies) MeanGreenie: There's fuckin' room to move as a fry cook. I could be manager in two years. King. God.
(42:13 / Allies) scarletworm: you can be great in anything you do man
(42:23 / Allies) MeanGreenie: thank you, such were my thoughts exactly